 Dungeon Crawl Stone Soup version 0.17.0-28-g6e173f8 (webtiles) character file.

67 Peloso the Covered (level 4, 0/40 HPs)
             Began as a Minotaur Fighter on Nov 28, 2015.
             Killed from afar by an oklob plant (12 damage)
             ... with a splash of acid
             ... created by the enmity of Fedhas Madash
             ... on level 2 of the Dungeon.
             The game lasted 00:05:48 (1147 turns).

Peloso the Covered (Minotaur Fighter)               Turns: 1147, Time: 00:05:48

Health: 0/40       AC:  9    Str: 26    XL:     4   Next: 0%
Magic:  3/3        EV:  8    Int:  5    God:
Gold:   102        SH: 10    Dex: 10    Spells: 0 memorised, 3 levels left

rFire  . . .     SeeInvis .     a - +0 long sword
rCold  . . .     Clarity  +     b - +0 scale mail
rNeg   . . .     SustAt   .     c - +0 shield
rPois  .         Gourm    .     (helmet restricted)
rElec  .         Spirit   .     n - +1 cloak
rCorr  .         Warding  .     (no gloves)
rMut   .         Stasis   .     (no boots)
MR     .....                    p - amulet of clarity
Stlth  ..........               (no ring)
                                (no ring)

@: mighty, not resistant to hostile enchantments, extremely unstealthy
A: retaliatory headbutt, horns 2
a: no special abilities


You were on level 2 of the Dungeon.
You were not hungry.

You visited 1 branch of the dungeon, and saw 2 of its levels.

You collected 102 gold pieces.

Inventory:

Hand Weapons
 a - a +0 long sword (weapon)
 f - a cursed +0 hand axe
Armour
 b - a +0 scale mail (worn)
 c - a +0 shield (worn)
 n - a +1 cloak (worn)
Jewellery
 p - an amulet of clarity (around neck)
Scrolls
 g - 3 scrolls of teleportation {unknown}
 h - 2 scrolls of identify {unknown}
 l - a scroll of noise {unknown}
Potions
 i - 2 potions of agility {unknown}
 j - a potion of haste {unknown}
 o - a potion of curing {unknown}
Comestibles
 e - 2 bread rations
 k - 3 chunks of flesh
 m - a meat ration


   Skills:
 + Level 4.2 Fighting
 + Level 2.7 Long Blades
 + Level 4.5 Armour
 + Level 0.7 Dodging
 + Level 4.3 Shields


You had 3 spell levels left.
You didn't know any spells.

Dungeon Overview and Level Annotations

Branches:
Dungeon (2/15)

Altars:
Fedhas

Annotations:
D:2 exclusion: 3 oklob plants


Innate Abilities, Weirdness & Mutations

You reflexively headbutt those who attack you in melee.
You have a pair of horns on your head.


Message History

Marking area around the oklob plant as unsafe for travelling.
Marking area around the oklob plant as unsafe for travelling.
Marking area around the oklob plant as unsafe for travelling. 3 wandering mushrooms and 3 oklob plants come into view.
You can't go up here!
You don't know any spells.
You don't know any spells.
You hit the oklob plant but do no damage.
You headbutt the oklob plant, but do no damage.
Drink which item? (? for menu, Esc to quit)
You feel very mighty all of a sudden.
The wandering mushroom releases spores at you!
You are engulfed in a cloud of spores!
You feel momentarily confused.
The wandering mushroom releases spores at you!
* * * LOW HITPOINT WARNING * * *
You are engulfed in a cloud of spores!
You block the wandering mushroom's attack.
The oklob plant spits acid at you. The splash of acid hits you!
You die...

.## ..########################
................>........#
#..######.######.#######.# ##.#
#.# #.# #.# #.# #.# ##.#######.#
#.## #.# #.......##.# #..# #.#
#fPP8....#.# ##.# #.#
##f@8.8...#.# #.# #.#
#.P8f_.8....# #.# #.#
#...8.8..##.#
###.#####.####....8...##.#
^...................รท..#.#
###..####.#....####..#.#.########
#......).......# #..#.#........)
#.##..###.#....# #..#.........##
#.#.......#....# #..#########.#


You could see 3 oklob plants and 3 wandering mushrooms.

Vanquished Creatures
  2 adders (D:2)
  2 worms (D:2)
  2 giant geckos
  A giant cockroach (D:2)
  7 goblins
  6 hobgoblins
  A quokka (D:2)
  8 bats
  4 giant newts
  3 kobolds
  6 rats (D:1)
42 creatures vanquished.

Notes
Turn   | Place    | Note
--------------------------------------------------------------
     0 | D:1      | Peloso the Minotaur Fighter began the quest for the Orb.
     0 | D:1      | Reached XP level 1. HP: 19/19 MP: 0/0
   118 | D:1      | Reached XP level 2. HP: 22/27 MP: 1/1
   180 | D:1      | Reached skill level 4 in Fighting
   493 | D:2      | Reached XP level 3. HP: 30/33 MP: 2/2
   641 | D:2      | Found a faded altar to an unknown god.
   673 | D:2      | Became a worshipper of Fedhas Madash
   673 | D:2      | Reached * piety under Fedhas
   799 | D:2      | Fell from the grace of Fedhas
  1135 | D:2      | Reached XP level 4. HP: 40/40 MP: 3/3
  1146 | D:2      | Noticed a wandering mushroom
  1146 | D:2      | Noticed an oklob plant
  1146 | D:2      | Noticed an oklob plant
  1146 | D:2      | Noticed an oklob plant
  1146 | D:2      | Noticed a wandering mushroom
  1146 | D:2      | Noticed a wandering mushroom
  1147 | D:2      | Killed from afar by an oklob plant

Action                   |  1- 3 |  4- 6 || total
-------------------------+-------+-------++-------
Melee: Long sword        |   103 |     1 ||   104
Invok: Renounce Religion |     1 |       ||     1
  Use: Potion            |       |     1 ||     1
  Eat: Chunk             |       |     1 ||     1
